 Dungeon Crawl Stone Soup version 0.30.1-9-gdf580d7c3d (webtiles) character file.

Game seed: 17340807052778718729

40 bearlyready the Vexing (level 3, 0/28 HPs)
             Began as a Formicid Hexslinger on Oct 18, 2023.
             Succumbed to an adder's poison
             ... on level 2 of the Dungeon.
             The game lasted 00:02:23 (1139 turns).

bearlyready the Vexing (Formicid Hexslinger)        Turns: 1139, Time: 00:02:23

Health: 0/28       AC:  5    Str: 14    XL:     3   Next: 72%
Magic:  1/4        EV: 11    Int: 12    God:
Gold:   59         SH:  0    Dex: 16    Spells: 3/4 levels left

rFire   . . .        a - +1 sling
rCold   . . .        (no shield)
rNeg    . . .        d - +0 ring mail
rPois   .            (helmet unavailable)
rElec   .            (no cloak)
rCorr   .            (no gloves)
SInv    +            (no boots)
Will    .....        (no amulet)
Stlth   +            (no ring)
HPRegen 0.24/turn    (no ring)
MPRegen 0.09/turn

%: no passive effects
@: lethally poisoned (0 -> 0), flying, very slightly contaminated, invisible
A: permanent stasis, dig shafts and tunnels, antennae 3, four strong arms
a: Dig, Shaft Self


You were on level 2 of the Dungeon.
You visited 1 branch of the dungeon, and saw 2 of its levels.

You collected 59 gold pieces.

Inventory:

Hand Weapons
 a - a +1 sling (weapon)
 i - a +0 dagger of venom
Armour
 c - a +0 robe
 d - a +0 ring mail (worn)
Jewellery
 f - an amulet of magic regeneration
Scrolls
 b - a scroll of poison
 e - a scroll of enchant armour {unknown}
 g - a scroll of identify {unknown}
 h - a scroll of fog {unknown}
 j - 2 scrolls of magic mapping {unknown}
 m - a scroll of amnesia {unknown}


   Skills:
 + Level 2.6 Fighting
 + Level 3.0 Ranged Weapons
 - Level 1.7 Dodging
 - Level 1.1 Spellcasting
 - Level 3.6 Hexes


You had 3 spell levels left.
You knew the following spells:

 Your Spells              Type           Power      Damage    Failure   Level
a - Slow                  Hex            36%        N/A       14%         1

Your spell library contained the following spells:

 Spells                   Type           Power      Damage    Failure   Level
 Ensorcelled Hibernation  Hex/Ice        10%        N/A       41%         2
 Inner Flame              Hex/Fire       5%         N/A       65%         3
 Portal Projectile        Hex/Tloc       10%        N/A       65%         3
 Lesser Beckoning         Tloc           0%         N/A       67%         2
 Passwall                 Tmut/Erth      0%         N/A       67%         2
 Gell's Gravitas          Tloc           0%         N/A       88%         3
 Teleport Other           Tloc           0%         N/A       88%         3
 Cause Fear               Hex            4%         N/A       80%         4
 Swiftness                Air            Unusable   N/A       N/A         3

Dungeon Overview and Level Annotations

Branches:
Dungeon (2/15)

Altars:


Innate Abilities, Weirdness & Mutations

You cannot be hasted, slowed, berserked, paralysed or teleported.
You can dig through walls and to a lower floor.
You have a pair of large antennae on your head. (SInv)
Your four strong arms can wield two-handed weapons with a shield.


Message History

You are too injured to fight recklessly!
You are too injured to fight recklessly!
Aiming: Slow (safe; 14% risk of failure)
Press: ? - help, Q - select action, (/) - cycle Shift-Dir - straight line, f/p - adder
Aim: an adder (severely wounded, chance to affect: 51%)
You miscast Slow.
You are very lightly contaminated with residual magic.
Nothing appears to happen.
You feel sick.
You are no longer poisoned.
The adder bites you but does no damage. The worm bites you.
Aiming: Slow (safe; 14% risk of failure)
Press: ? - help, Q - select action, (/) - cycle Shift-Dir - straight line, f/p - adder
Aim: an adder (severely wounded, chance to affect: 51%)
The adder resists with significant effort.
The adder misses you.
Aiming: Slow (safe; 14% risk of failure)
Press: ? - help, Q - select action, (/) - cycle Shift-Dir - straight line, f/p - adder
Aim: an adder (severely wounded, chance to affect: 51%)
You miscast Slow.
Nothing appears to happen.
The adder bites you.
You are poisoned.
The adder poisons you! The worm bites you!
* * * LOW HITPOINT WARNING * * *
The adder closely misses you.
You aren't carrying any items that you can evoke.
It was a potion of flight.
You feel very buoyant.
You fly up into the air.
* * * LOW HITPOINT WARNING * * *
You feel sick. The adder barely misses you. The worm closely misses you.
It was a potion of invisibility.
You fade into invisibility!
* * * LOW HITPOINT WARNING * * *
You feel sick. The adder bites you but does no damage.
* * * LOW HITPOINT WARNING * * *
You feel sick.
* * * LOW HITPOINT WARNING * * *
You feel sick. The adder bites you but does no damage.
You die...

..# #.# #.# ##.######
#.......## #........#
{##........#
#....#....#
#...@#....#
#....#....########
#.S..#...........#
#.w..####........# #
#....####........####
.
.)...........>.......
#
.......###........####
........# #####.####
#........# #.#


You could see a worm (unable to see you) and an adder (unable to see you).

Vanquished Creatures
  An adder (D:2)
  A dart slug (D:1)
  3 endoplasms
  4 giant cockroaches
  2 hobgoblins (D:1)
  3 jackals (D:1)
  4 kobolds
  2 quokkas
  3 ball pythons
  A bat (D:1)
  2 rats (D:1)
26 creatures vanquished.

Notes
Turn   | Place    | Note
-------+----------+-------------------------------------------
     0 | D:1      | bearlyready the Formicid Hexslinger began the quest for the
                  | Orb.
     0 | D:1      | Reached XP level 1. HP: 15/15 MP: 2/2
   217 | D:1      | Reached XP level 2. HP: 21/21 MP: 3/3
   633 | D:1      | Reached XP level 3. HP: 27/27 MP: 4/4
  1138 | D:2      | HP: 1/28 [poisoned by an adder]
  1139 | D:2      | Succumbed to an adder's poison

Illustrated notes

Levels and vault maps discovered:
D:1:      wheals_arrival_linesprint, layout_loops_ring
D:2:      layout_basic, uniq_robin

Skill      XL: |  1  2  3 |
---------------+----------+-----
Fighting       | 2 |  2.6
Ranged Weapons | 3 |  3.0
Dodging        | |  1.7
Spellcasting   | |  1.1
Hexes          | |  3.6

Action                     || total
---------------------------++-------
   Fire: Sling             ||   109
   Cast: Slow              ||     4
    Use: Potion            ||     2
 Armour: Ring mail         ||    29
  Dodge: Dodged            ||    52
